 Dungeon Sprint DCSS version 0.31-a0-435-g2c6fae2916 (webtiles) character file.

Game seed: 1657005170438295967

151 rocky1 the Changeling (level 5, -13/61 HPs)
             Began as a Draconian Shapeshifter on Aug 2, 2023.
             Was an Initiate of Gozag.
             Mangled by Menkaure (19 damage)
             ... in the Dungeon (Sprint VII: "The Pits").
             The game lasted 00:00:47 (672 turns).

rocky1 the Changeling (Draconian Shapeshifter)       Turns: 672, Time: 00:00:48

Health: -13/61     AC:  5    Str: 17    XL:     5   Next: 11%
Magic:  5/5        EV: 12    Int: 11    God:    Gozag
Gold:   414        SH:  0    Dex: 11    Spells: 4/4 levels left

rFire   . .          .
                       - Unarmed
rCold   . . .        (no shield)
rNeg    . . .        (body armour unavailable)
rPois   .            (helmet currently unavailable)
rElec   .            (cloak currently unavailable)
rCorr   .            (gloves currently unavailable)
SInv    .            (boots currently unavailable)
Will    .....        (no amulet) Stlth
                     (no ring)
HPRegen 0.30/turn    (no ring)
MPRegen 0.09/turn

%: no teleportation
@: berserking, beast-form, gold aura, very quick
A: beast (slay +5), AC +5, unfitting armour, cold-blooded
a: Begin Untransformation, Renounce Religion, Potion Petition, Call Merchant,
Bribe Branch


You were in the Dungeon.
You worshipped Gozag.
Gozag was aware of your devotion.
You were a hulking beast.
You visited 1 branch You collected 414 gold pieces.

Inventory:

Talismans
 b - a beast talisman (active)
Scrolls
 h - a scroll of blinking
 j - 5 scrolls of amnesia
 k - a scroll of summoning
Potions
 a - a potion of lignification
 c - 6 potions of curing
 d - 5 potions of heal wounds
 e - a potion of haste
 f - 4 potions of magic
 g - 2 potions of berserk rage
 i - 2 potions of invisibility


   Skills:
 + Level 2.0 Fighting
 + Level 2.9 Dodging
 + Level 0.7 Stealth
 + Level 6.7 Unarmed Combat
 + Level 7.1 Shapeshifting


You had 4 spell levels left.
You didn't know any spells.
Your spell library was empty.

Dungeon Overview and Level Annotations

Branches:
Dungeon (1/1)

Altars:
Ashenzari
Cheibriados
Dithmenos
Elyvilon
Fedhas
Gozag
Hepliaklqana
Kikubaaqudgha
Makhleb
Nemelex Xobeh
Okawaru
Qazlal
Ru
Sif Muna
Trog
Uskayaw
Vehumet
Wu Jian
Xom
Yredelemnul
Zin
The Shining One
Jiyva
Lugonu

Annotations:
D Menkaure


Innate Abilities, Weirdness & Mutations

You are a hulking beast.
Your limbs bulge with bestial killing power. (Slay +5)
Your plain brown scales are hard. (AC +5)
You cannot fit into any form of body armour.
You are cold-blooded and may be slowed by cold attacks.


Message History

A red film seems to cover your vision as you go berserk!
You feel yourself moving faster!
You feel mighty!
The orc wizard gestures at you while chanting.
The puff of flame hits you!
Menkaure mumbles some strange words.
Menkaure seems to speed up.
You barely miss the orc wizard.
The orc wizard is lightly wounded.
The orc wizard hits you with a +0 dagger.
You punch the orc wizard!
You kill the orc wizard!
Menkaure calls on the powers of darkness!
The black bear convulses!
The orc priest convulses!
The orc convulses!
The orc priest convulses!
Your body is wracked with pain!
The orc priest calls upon Beogh to heal the orc priest.
The orc priest is healed somewhat.
The orc priest mumbles some strange prayers to Beogh against you.
Beogh smites you!
* * * LOW HITPOINT WARNING * * *
The orc hits you but does no damage.
Things that are here:
27 gold pieces; a +0 dagger; a +0 robe You pummel the orc!!
You kill the orc!
Menkaure calls on the powers of darkness!
The black bear convulses!
The orc priest convulses! x2
Your body is wracked with pain!
* * * LOW HITPOINT WARNING * * *
You hear a hideous shriek!
You punch the black bear!
You kill the black bear!
Your Fighting skill increases to level 2!
Your Shapeshifting skill increases to level 7!
You have reached level 5!
A flying skull and a warg come into view.
The flying skull gives a hideous shriek!
The warg howls!
Menkaure hits you!!
You die...
Your body crumbles into a pile of gold.

#.#..#...'.##.....
#.#..#...#.#####'#
#.#..#####.##.....
#.#..'...#.##.....
#.#..'..)'.##.....
#.#..########...<.
#.#.)'[))).##.....
#$#..#[))).##.....
#h###########.....
#M.oh...# ######
#o.#z#..# #.## #
#.. #.# #.. #..
###


You could see a warg, Menkaure (fast), a flying skull and 2 orc priests.

Vanquished Creatures
  A black bear (D)
  A phantom (D)
  An orc wizard (D)
  2 gnolls (D)
  A river rat (D)
  2 orcs (D)
  A ball python (D)
  A bat zombie (D)
  A giant cockroach (D)
  A hobgoblin (D)
12 creatures vanquished.

Notes
Turn   | Place    | Note
-------+----------+-------------------------------------------
     0 | D        | rocky1 the Draconian Shapeshifter began the quest for the
                  | Orb.
     0 | D        | Reached XP level 1. HP: 16/16 MP: 1/1
    20 | D        | Reached skill level 4 in Shapeshifting
    20 | D        | Reached XP level 2. HP: 11/23 MP: 2/2
    24 | D        | Found a bloodstained altar of Trog.
    24 | D        | Found a shimmering blue altar of Sif Muna.
    24 | D        | Found a viscous altar of Jiyva.
    24 | D        | Found a hazy altar of Hepliaklqana.
    24 | D        | Found an opulent altar of Gozag.
    25 | D        | Found a glowing golden altar of the Shining One.
    25 | D        | Found a glowing silver altar of Zin.
    25 | D        | Found a basalt altar of Yredelemnul.
    25 | D        | Found a shimmering altar of Xom.
    25 | D        | Found an ornate altar of the Wu Jian Council.
    25 | D        | Found a sacrificial altar of Ru.
    25 | D        | Found a stormy altar of Qazlal.
    25 | D        | Found an iron altar of Okawaru.
    25 | D        | Found a sparkling altar of Nemelex Xobeh.
    25 | D        | Found a burning altar of Makhleb.
    25 | D        | Found a blossoming altar of Fedhas.
    25 | D        | Found a white marble altar of Elyvilon.
    25 | D        | Found a shadowy altar of Dithmenos.
    25 | D        | Found a snail-covered altar of Cheibriados.
    29 | D        | Found a corrupted altar of Lugonu.
    29 | D        | Found a radiant altar of Vehumet.
    30 | D        | Found a broken altar of Ashenzari.
    30 | D        | Found an ancient bone altar of Kikubaaqudgha.
    30 | D        | Found a hide-covered altar of Uskayaw.
    32 | D        | Became a worshipper of Gozag Ym Sagoz the Greedy
   190 | D        | Reached XP level 3. HP: 27/28 MP: 3/3
   401 | D        | Noticed a phantom
   412 | D        | Reached skill level 5 in Shapeshifting
   424 | D        | Killed a phantom
   425 | D        | Reached skill level 6 in Shapeshifting
   425 | D        | Reached XP level 4. HP: 8/36 MP: 4/4
   659 | D        | Noticed a black bear
   659 | D        | Noticed Menkaure
   671 | D        | Killed a black bear
   672 | D        | Reached skill level 7 in Shapeshifting
   672 | D        | Reached XP level 5. HP: 6/41 MP: 5/5
   672 | D        | Noticed a flying skull
   672 | D        | Noticed a warg
   672 | D        | Mangled by Menkaure

Illustrated notes

Levels and vault maps discovered:
D:        pitsprint [storerooms_1, entrance_room_1, metal_vault_8, armoury_2,
          mini_pit_1, grid_room_1, main_hall_1, silver_pit, the_coven_2,
          the_vestibule_1, steel_vault_1, golden_pit, hallway_of_sentries,
          crystal_vault_1, iron_vault_1, final_vault]

Skill      XL: |  1  2  3  4 |
---------------+-------------+-----
Dodging        | 2 |  2.9
Shapeshifting  | 4 6 7 |  7.1
Unarmed Combat | 4 6 |  6.7
Fighting       | 2 |  2.0
Stealth        | |  0.7

Action                     |  1- 3 |  4- 6 || total
---------------------------+-------+-------++-------
  Melee: Unarmed           |    31 |     6 ||    37
         Tailslap          |     5 |       ||     5
    Use: Potion            |       |     2 ||     2
 Armour: Skin              |     4 |     4 ||     8
  Dodge: Dodged            |    18 |       ||    18

Table legend: (Time is in decaauts)
 A = Elapsed time spent in this place.
 B = Non-inter-level travel time spent in this place.
 C = Inter-level travel time spent in this place.
 D = Time resting spent in this place.
 E = Time spent auto-exploring this place.
 F = Levels seen in this place.
 G = Mean time per level.
                   A        B        C        D        E       F      G
               +--------+--------+--------+--------+--------+-----+--------+
         Total |    667 |    647 |     20 |    478 |      0 |   1 |  667.0 |
       Dungeon |    667 |    647 |     20 |    478 |      0 |   1 |  667.0 |
               +--------+--------+--------+--------+--------+-----+--------+

Top non-repeatable levels by time:
       D: 667 daAuts
